| TOP OF THE 1ST |
|
Las Vegas 51s batting - Pitching for Sacramento River Cats : RHP Roberto Duron
|
|
Pitching: RHP Roberto Duron
|
|
|
Batting: RHB Jordan Martin
|
0-0: Ball 1-0: Fly out, F9 (Line Drive, 9, EV 93.1 MPH)
|
|
Batting: LHB Adam Hairston
|
0-0: Ball 1-0: Ball 2-0: Foul Ball, location: 2F 2-1: Called Strike 2-2: Ball 3-2: Foul Ball, location: 2F 3-2: SINGLE (Groundball, 56D, EV 97.5 MPH)
|
|
Batting: SHB Roberto Magne
|
0-0: Called Strike Adam Hairston steals 2nd base 0-1: Ball 1-1: Ground out 5-3 (Groundball, 56, EV 93.1 MPH)
|
|
Batting: SHB Josh Schultze
|
0-0: Ball 1-0: Called Strike 1-1: SINGLE (Groundball, 6D, EV 99.4 MPH) Adam Hairston to third Runner from 3rd tries for Home, SAFE, throw by CF to home
|
|
Batting: RHB Steven Romanovsky
|
0-0: Ball 1-0: Called Strike 1-1: Foul Ball, location: 2F 1-2: Fly out, F8 (Line Drive, 8RD, EV 85.6 MPH)
|
| Top of the 1st over - 1 run, 2 hits, 0 errors, 1 left on base; Las Vegas 1 - Sacramento 0 |
| BOTTOM OF THE 1ST |
|
Sacramento River Cats batting - Pitching for Las Vegas 51s : RHP Brett Hackmann
|
|
Pitching: RHP Brett Hackmann
|
|
|
Batting: LHB Josh Straub
|
0-0: Ball 1-0: Ball 2-0: Ball 3-0: Called Strike 3-1: Base on Balls
|
|
Batting: RHB Hugo Zacarias
|
0-0: Ball Josh Straub steals 2nd base 1-0: Ball 2-0: Ball 3-0: Called Strike 3-1: Called Strike 3-2: SINGLE (Line Drive, 8LS, EV 113.8 MPH) Josh Straub to third
|
|
Batting: RHB Jason Gress
|
0-0: Ball 1-0: Called Strike 1-1: Fly out, F9 (Flyball, 9, EV 83.1 MPH)
|
|
Batting: LHB Nick Swank
|
0-0: Ball 1-0: Foul Ball, location: 2F 1-1: Ball Hugo Zacarias steals 2nd base 2-1: Ball 3-1: Called Strike 3-2: Strikes out swinging
|
|
Batting: LHB Dave Talbert
|
0-0: Ball 1-0: Ball 2-0: Swinging Strike 2-1: Ball 3-1: Foul Ball, location: 2F 3-2: Base on Balls
|
|
Batting: LHB Juan Gonzalez
|
0-0: Called Strike 0-1: Called Strike 0-2: GRAND SLAM HOME RUN (Flyball, 89XD, EV 115.6 MPH), Distance : 435 ft
|
|
Batting: LHB Fred Arends
|
0-0: Ball 1-0: Called Strike 1-1: Ball 2-1: Ball 3-1: Base on Balls
|
|
Batting: SHB Jason Spradling
|
0-0: Foul Ball, location: 2F 0-1: Ball 1-1: Ground out 4-3 (Groundball, 34, EV 89.4 MPH)
|
| Bottom of the 1st over - 4 runs, 2 hits, 0 errors, 1 left on base; Las Vegas 1 - Sacramento 4 |
| TOP OF THE 2ND |
|
Las Vegas 51s batting - Pitching for Sacramento River Cats : RHP Roberto Duron
|
|
Batting: LHB Ben Goldstein
|
0-0: Called Strike 0-1: Swinging Strike 0-2: Ball 1-2: Strikes out looking
|
|
Batting: LHB Marc Durgin
|
0-0: Ball 1-0: SINGLE (Groundball, 34D, EV 104.4 MPH)
|
|
Batting: LHB Sal Fernandez
|
0-0: Ball 1-0: Called Strike Marc Durgin steals 2nd base 1-1: Ball 2-1: SINGLE (Groundball, 34D, EV 111.9 MPH) Marc Durgin to third Runner from 3rd tries for Home, SAFE, throw by RF to home
|
|
Batting: RHB Yoshiro Higuchi
|
0-0: Called Strike 0-1: Ball 1-1: Called Strike Sal Fernandez steals 2nd base 1-2: Foul Ball, location: 2F 1-2: Ground out U3 (Groundball, 3, EV 92.5 MPH) Sal Fernandez to third
|
|
Batting: RHB Jordan Martin
|
0-0: Ball 1-0: Ball 2-0: Ball 3-0: Base on Balls
|
|
Batting: LHB Adam Hairston
|
0-0: Ball 1-0: Foul Ball, location: 2F 1-1: Swinging Strike 1-2: Ground out 5-3 (Groundball, 56, EV 101.9 MPH)
|
| Top of the 2nd over - 1 run, 2 hits, 0 errors, 2 left on base; Las Vegas 2 - Sacramento 4 |
| BOTTOM OF THE 2ND |
|
Sacramento River Cats batting - Pitching for Las Vegas 51s : RHP Brett Hackmann
|
|
Batting: RHB Martin Guerrero
|
0-0: SINGLE (Groundball, 34D, EV 111.9 MPH)
|
|
Batting: LHB Josh Straub
|
0-0: SINGLE (Groundball, 6MD, EV 102.5 MPH) Martin Guerrero to second
|
|
Batting: RHB Hugo Zacarias
|
0-0: Called Strike 0-1: Fly out, F8 (Line Drive, 8RM, EV 100.0 MPH)
|
|
Batting: RHB Jason Gress
|
0-0: Called Strike 0-1: Ball 1-1: Foul Ball, location: 2F 1-2: Hit by Pitch Martin Guerrero to third Josh Straub to second
|
|
Batting: LHB Nick Swank
|
0-0: Fly out, F7 (Line Drive, 7, EV 103.1 MPH)
|
|
Batting: LHB Dave Talbert
|
0-0: Fly out, F6 (Popup, 6MS, EV 78.1 MPH)
|
| Bottom of the 2nd over - 0 runs, 2 hits, 0 errors, 3 left on base; Las Vegas 2 - Sacramento 4 |
| TOP OF THE 3RD |
|
Las Vegas 51s batting - Pitching for Sacramento River Cats : RHP Roberto Duron
|
|
Batting: SHB Roberto Magne
|
0-0: Ball 1-0: Ball 2-0: Ball 3-0: Base on Balls
|
|
Batting: SHB Josh Schultze
|
0-0: Foul Ball, location: 2F 0-1: DOUBLE (Line Drive, 7LM, EV 101.9 MPH) Roberto Magne to third Runner from 3rd tries for Home, SAFE, throw by LF to home
|
|
Batting: RHB Steven Romanovsky
|
0-0: Ground out 6-3 (Groundball, 6, EV 82.5 MPH)
|
|
Batting: LHB Ben Goldstein
|
0-0: Foul Ball, location: 2F 0-1: Foul Ball, location: 2F 0-2: Ball 1-2: 2-RUN HOME RUN (Line Drive, 89XD, EV 114.4 MPH), Distance : 443 ft
|
|
Batting: LHB Marc Durgin
|
0-0: Called Strike 0-1: Fly out, F9 (Flyball, 9LS, EV 90.6 MPH)
|
|
Batting: LHB Sal Fernandez
|
0-0: Called Strike 0-1: Foul Ball, location: 2F 0-2: Ball 1-2: Foul Ball, location: 2F 1-2: SINGLE (Groundball, 25, EV 63.8 MPH) (infield hit)
|
|
Batting: RHB Yoshiro Higuchi
|
0-0: Called Strike Sal Fernandez steals 2nd base 0-1: Ball 1-1: Ball 2-1: Foul Ball, location: 2F 2-2: Ground out 6-3 (Groundball, 6, EV 85.6 MPH)
|
| Top of the 3rd over - 3 runs, 3 hits, 0 errors, 1 left on base; Las Vegas 5 - Sacramento 4 |
| BOTTOM OF THE 3RD |
|
Sacramento River Cats batting - Pitching for Las Vegas 51s : RHP Brett Hackmann
|
|
Batting: LHB Juan Gonzalez
|
0-0: Ball 1-0: Foul Ball, location: 2F 1-1: Ground out 6-3 (Groundball, 6, EV 80.0 MPH)
|
|
Batting: LHB Fred Arends
|
0-0: Called Strike 0-1: Ball 1-1: Ball 2-1: Called Strike 2-2: Ball 3-2: Strikes out swinging
|
|
Batting: SHB Jason Spradling
|
0-0: Ball 1-0: Called Strike 1-1: Ball 2-1: Ground out 4-3 (Groundball, 4S, EV 73.8 MPH)
|
| Bottom of the 3rd over - 0 runs, 0 hits, 0 errors, 0 left on base; Las Vegas 5 - Sacramento 4 |
| TOP OF THE 4TH |
|
Las Vegas 51s batting - Pitching for Sacramento River Cats : RHP Roberto Duron
|
|
Batting: RHB Jordan Martin
|
0-0: Swinging Strike 0-1: Ball 1-1: Ball 2-1: Ball 3-1: Called Strike 3-2: Base on Balls
|
|
Pitching: LHP Shigeo Okawa
|
|
|
Batting: LHB Adam Hairston
|
0-0: Foul Ball, location: 2F 0-1: Ball 1-1: Foul Ball, location: 2F 1-2: Fly out, F5 (Popup, 5SF, EV 73.1 MPH)
|
|
Batting: SHB Roberto Magne
|
0-0: Ball Jordan Martin steals 2nd base 1-0: Called Strike 1-1: Fly out, F3 (Flyball, 3D, EV 82.5 MPH)
|
|
Batting: SHB Josh Schultze
|
0-0: Ball 1-0: Fly out, F8 (Flyball, 8LS, EV 93.1 MPH)
|
| Top of the 4th over - 0 runs, 0 hits, 0 errors, 1 left on base; Las Vegas 5 - Sacramento 4 |
| BOTTOM OF THE 4TH |
|
Sacramento River Cats batting - Pitching for Las Vegas 51s : RHP Brett Hackmann
|
|
Batting: RHB Martin Guerrero
|
0-0: Ball 1-0: Ball 2-0: Ball 3-0: Base on Balls
|
|
Batting: LHB Josh Straub
|
0-0: Ball 1-0: Called Strike 1-1: Swinging Strike Martin Guerrero steals 2nd base 1-2: Ball 2-2: SINGLE (Groundball, 34D, EV 100.6 MPH) (infield hit) Martin Guerrero to third
|
|
Batting: RHB Hugo Zacarias
|
0-0: Ball 1-0: Ball Josh Straub steals 2nd base 2-0: Ground out 6-3 (Groundball, 6, EV 83.8 MPH) Martin Guerrero scores Josh Straub to third
|
|
Batting: RHB Jason Gress
|
0-0: Called Strike 0-1: Ball 1-1: Swinging Strike 1-2: Foul Ball, location: 2F 1-2: Foul Ball, location: 2F 1-2: Ball Balk! Josh Straub scores 2-2: Ball 3-2: Foul Ball, location: 2F 3-2: SINGLE (Groundball, 4MD, EV 99.4 MPH)
|
|
Pitching: RHP Ian Wright
|
|
|
Batting: LHB Nick Swank
|
0-0: Ball Jason Gress steals 2nd base 1-0: Foul Ball, location: 2F 1-1: Fly out, F7 (Flyball, 7LM, EV 85.6 MPH)
|
|
Batting: LHB Dave Talbert
|
0-0: Fly out, F4 (Line Drive, 4, EV 65.0 MPH)
|
| Bottom of the 4th over - 2 runs, 2 hits, 0 errors, 1 left on base; Las Vegas 5 - Sacramento 6 |
| TOP OF THE 5TH |
|
Las Vegas 51s batting - Pitching for Sacramento River Cats : LHP Shigeo Okawa
|
|
Batting: RHB Steven Romanovsky
|
0-0: Called Strike 0-1: SINGLE (Flyball, 9LS, EV 86.3 MPH)
|
|
Batting: LHB Ben Goldstein
|
0-0: Ball 1-0: Called Strike 1-1: Swinging Strike 1-2: Ball 2-2: Ball 3-2: Foul Ball, location: 2F 3-2: Strikes out swinging
|
|
Pinch Hitting: RHB Masaya Nakamura
|
0-0: Ball 1-0: Foul Ball, location: 2F 1-1: Swinging Strike 1-2: Ball 2-2: Strikes out swinging
|
|
Batting: LHB Sal Fernandez
|
0-0: Foul Ball, location: 2F 0-1: Ball 1-1: Ball 2-1: Ground out 4-3 (Groundball, 4, EV 84.4 MPH)
|
| Top of the 5th over - 0 runs, 1 hit, 0 errors, 1 left on base; Las Vegas 5 - Sacramento 6 |
| BOTTOM OF THE 5TH |
|
Sacramento River Cats batting - Pitching for Las Vegas 51s : RHP Ian Wright
|
|
Now in LF: Mike Titus
|
|
|
Batting: LHB Juan Gonzalez
|
0-0: Ball 1-0: Called Strike 1-1: Ball 2-1: Swinging Strike 2-2: DOUBLE (Groundball, 3L, EV 106.3 MPH)
|
|
Batting: LHB Fred Arends
|
0-0: Called Strike 0-1: Ball 1-1: Swinging Strike 1-2: Ball 2-2: Fly out, F4 (Flyball, 4D, EV 75.0 MPH)
|
|
Batting: SHB Jason Spradling
|
0-0: Called Strike 0-1: Ball 1-1: Ball Wild Pitch! Juan Gonzalez to third 2-1: Ball 3-1: Called Strike 3-2: Foul Ball, location: 2F 3-2: Fly out, F3 (Line Drive, 3, EV 73.1 MPH)
|
|
Batting: RHB Martin Guerrero
|
0-0: Called Strike 0-1: Ball 1-1: Ball 2-1: Ball 3-1: Called Strike 3-2: Foul Ball, location: 2F 3-2: Strikes out swinging
|
| Bottom of the 5th over - 0 runs, 1 hit, 0 errors, 1 left on base; Las Vegas 5 - Sacramento 6 |
| TOP OF THE 6TH |
|
Las Vegas 51s batting - Pitching for Sacramento River Cats : LHP Shigeo Okawa
|
|
Batting: RHB Yoshiro Higuchi
|
0-0: Ball 1-0: Ground out 4-3 (Groundball, 4, EV 77.5 MPH)
|
|
Batting: RHB Jordan Martin
|
0-0: Ball 1-0: Ball 2-0: Called Strike 2-1: Called Strike 2-2: Strikes out swinging
|
|
Batting: LHB Adam Hairston
|
0-0: Ball 1-0: Reached on error, E3 (Groundball, 34, EV 103.1 MPH)
|
|
Batting: SHB Roberto Magne
|
0-0: Ball 1-0: Ball 2-0: DOUBLE (Flyball, 8LXD, EV 104.4 MPH) Adam Hairston to third
|
|
Batting: SHB Josh Schultze
|
0-0: Fly out, F5 (Popup, 56S, EV 75.6 MPH)
|
| Top of the 6th over - 0 runs, 1 hit, 1 error, 2 left on base; Las Vegas 5 - Sacramento 6 |
| BOTTOM OF THE 6TH |
|
Sacramento River Cats batting - Pitching for Las Vegas 51s : RHP Ian Wright
|
|
Batting: LHB Josh Straub
|
0-0: Ball 1-0: Ground out 5-3 (Groundball, 5, EV 88.8 MPH)
|
|
Batting: RHB Hugo Zacarias
|
0-0: Ball 1-0: Ball 2-0: SINGLE (Groundball, 4S, EV 73.1 MPH) (infield hit)
|
|
Batting: RHB Jason Gress
|
0-0: Ball 1-0: Ball Hugo Zacarias steals 2nd, throwing error, E2 Hugo Zacarias to third 2-0: Fly out, F8 (Flyball, 8LM, EV 73.8 MPH) Runner from 3rd tags up, SCORES, throw by CF
|
|
Pitching: RHP Justin Overlie
|
|
|
Batting: LHB Nick Swank
|
0-0: Ball 1-0: SOLO HOME RUN (Flyball, 89XD, EV 92.5 MPH) (Inside the Park)
|
|
Batting: LHB Dave Talbert
|
0-0: Ball 1-0: Swinging Strike 1-1: Ball 2-1: Foul Ball, location: 2F 2-2: Foul Ball, location: 2F 2-2: Ground out 5-3 (Groundball, 5, EV 87.5 MPH)
|
| Bottom of the 6th over - 2 runs, 2 hits, 1 error, 0 left on base; Las Vegas 5 - Sacramento 8 |
| TOP OF THE 7TH |
|
Las Vegas 51s batting - Pitching for Sacramento River Cats : LHP Shigeo Okawa
|
|
Pitching: RHP Herman Ruiz
|
|
|
Batting: RHB Steven Romanovsky
|
0-0: Ball 1-0: Foul Ball, location: 2F 1-1: SINGLE (Groundball, 34, EV 101.3 MPH)
|
|
Batting: LHB Ben Goldstein
|
0-0: Called Strike 0-1: Ball 1-1: Swinging Strike 1-2: Ball 2-2: Foul Ball, location: 2F 2-2: Ball 3-2: Foul Ball, location: 2F 3-2: Fly out, F7 (Flyball, 7D, EV 91.9 MPH)
|
|
Batting: RHB Mike Titus
|
0-0: Ball 1-0: Called Strike 1-1: Ball 2-1: Called Strike 2-2: Strikes out swinging
|
|
Batting: LHB Sal Fernandez
|
0-0: Ball 1-0: Ground out U3 (Groundball, 3, EV 88.8 MPH)
|
| Top of the 7th over - 0 runs, 1 hit, 0 errors, 1 left on base; Las Vegas 5 - Sacramento 8 |
| BOTTOM OF THE 7TH |
|
Sacramento River Cats batting - Pitching for Las Vegas 51s : RHP Justin Overlie
|
|
Batting: LHB Juan Gonzalez
|
0-0: Ball 1-0: Called Strike 1-1: SINGLE (Groundball, 3D, EV 106.3 MPH)
|
|
Batting: LHB Fred Arends
|
0-0: Ball 1-0: Called Strike 1-1: Ball 2-1: Ball 3-1: Swinging Strike 3-2: DOUBLE (Flyball, 8LXD, EV 98.8 MPH) Juan Gonzalez to third
|
|
Batting: SHB Jason Spradling
|
0-0: Called Strike 0-1: Swinging Strike 0-2: Strikes out swinging
|
|
Batting: RHB Martin Guerrero
|
0-0: Ball 1-0: Foul Ball, location: 2F 1-1: Foul Ball, location: 2F 1-2: Strikes out swinging
|
|
Batting: LHB Josh Straub
|
0-0: Ball 1-0: Fly out, F8 (Flyball, 8RM, EV 77.5 MPH)
|
| Bottom of the 7th over - 0 runs, 2 hits, 0 errors, 2 left on base; Las Vegas 5 - Sacramento 8 |
| TOP OF THE 8TH |
|
Las Vegas 51s batting - Pitching for Sacramento River Cats : RHP Herman Ruiz
|
|
Pinch Hitting: LHB Helge Jivotovsky
|
0-0: Called Strike 0-1: SINGLE (Line Drive, 7S, EV 108.1 MPH)
|
|
Batting: RHB Jordan Martin
|
0-0: Called Strike 0-1: Ball 1-1: Foul Ball, location: 2F 1-2: Reached on error, E1 (Groundball, 34S, EV 71.9 MPH) Helge Jivotovsky to second
|
|
Batting: LHB Adam Hairston
|
0-0: Ball 1-0: Fielders Choice at 2nd, 6-4 (Groundball, 6, EV 86.9 MPH) Helge Jivotovsky to third
|
|
Batting: SHB Roberto Magne
|
0-0: Ball 1-0: Ground out 6-3 (Groundball, 6MS, EV 82.5 MPH) Helge Jivotovsky scores Adam Hairston to second
|
|
Batting: SHB Josh Schultze
|
0-0: Called Strike 0-1: Ball 1-1: Called Strike 1-2: Foul Ball, location: 2F 1-2: Foul Ball, location: 2F 1-2: Fly out, F2 (Popup, 5SF, EV 80.6 MPH)
|
| Top of the 8th over - 1 run, 1 hit, 1 error, 1 left on base; Las Vegas 6 - Sacramento 8 |
| BOTTOM OF THE 8TH |
|
Sacramento River Cats batting - Pitching for Las Vegas 51s : RHP Justin Overlie
|
|
Pitching: RHP Ian Daniels
|
|
|
Now at SS: Leon Edwards
|
|
|
Batting: RHB Hugo Zacarias
|
0-0: Ball 1-0: Ball 2-0: Foul Ball, location: 2F 2-1: Called Strike 2-2: Foul Ball, location: 2F 2-2: Ball 3-2: Foul Ball, location: 2F 3-2: Strikes out swinging
|
|
Batting: RHB Jason Gress
|
0-0: Ball 1-0: Ball 2-0: Ball 3-0: Base on Balls
|
|
Batting: LHB Nick Swank
|
0-0: SINGLE (Line Drive, 89M, EV 91.9 MPH) Jason Gress to second
|
|
Batting: LHB Dave Talbert
|
0-0: Called Strike 0-1: Ball 1-1: Reached on error, E2 (Groundball, 2L, EV 73.1 MPH) Jason Gress to third Nick Swank to second
|
|
Batting: LHB Juan Gonzalez
|
0-0: Called Strike 0-1: Ball 1-1: Ball 2-1: Ball 3-1: Base on Balls Jason Gress scores Nick Swank to third Dave Talbert to second
|
|
Batting: LHB Fred Arends
|
0-0: Ball 1-0: Ball 2-0: Foul Ball, location: 2F 2-1: Ball 3-1: Base on Balls Nick Swank scores Dave Talbert to third Juan Gonzalez to second
|
|
Batting: SHB Jason Spradling
|
0-0: Swinging Strike 0-1: Ball 1-1: Ball 2-1: Fly out, F5 (Popup, 15S, EV 84.4 MPH)
|
|
Batting: RHB Martin Guerrero
|
0-0: Swinging Strike 0-1: Ball 1-1: Fly out, F5 (Popup, 25F, EV 85.6 MPH)
|
| Bottom of the 8th over - 2 runs, 1 hit, 1 error, 3 left on base; Las Vegas 6 - Sacramento 10 |
| TOP OF THE 9TH |
|
Las Vegas 51s batting - Pitching for Sacramento River Cats : RHP Herman Ruiz
|
|
Pitching: LHP Chris Moris
|
|
|
Batting: RHB Steven Romanovsky
|
0-0: Called Strike 0-1: Fly out, F3 (Flyball, 3D, EV 86.9 MPH)
|
|
Batting: LHB Ben Goldstein
|
0-0: Called Strike 0-1: Ball 1-1: Swinging Strike 1-2: Strikes out swinging
|
|
Batting: RHB Mike Titus
|
0-0: Called Strike 0-1: Ball 1-1: Swinging Strike 1-2: Ball 2-2: Strikes out swinging
|
| Top of the 9th over - 0 runs, 0 hits, 0 errors, 0 left on base; Las Vegas 6 - Sacramento 10 |
|